 Dungeon Crawl Stone Soup version 0.29-a0-337-g68df138881 (webtiles) character file.

Game seed: 1341111823728997836

9 spaghetti the Conjurer (level 2, 0/22 HPs)
             Began as a Naga Conjurer on Apr 16, 2022.
             Slain by a jackal (2 damage)
             ... on level 1 of the Dungeon.
             The game lasted 00:00:58 (428 turns).

spaghetti the Conjurer (Naga Conjurer)               Turns: 428, Time: 00:00:59

Health: 0/22       AC:  1    Str:  9    XL:     2   Next: 16%
Magic:  4/5        EV:  9    Int: 18    God:
Gold:   48         SH:  0    Dex:  9    Spells: 4/5 levels left

rFire   . . .      SeeInvis +   f - +0 dagger {short}
rCold   . . .      Faith    .   (no shield)
rNeg    . . .      Spirit   .   a - +0 robe
rPois   +          Reflect  .   (no helmet)
rElec   .          Harm     .   (no cloak)
rCorr   .          Rampage  .   (no gloves)
Will    .....                   (no barding)
Stlth   ++........              (no amulet)
HPRegen 0.07/turn               (no ring)
MPRegen 0.09/turn               (no ring)

@: very slow
A: AC +0, large, see invisible, deformed body, poison resistance, slowness 2,
spit poison 1, naga tail 1
a: Spit Poison


You were on level 1 of the Dungeon.
You visited 1 branch of the dungeon, and saw 1 of its levels.

You collected 48 gold pieces.


Innate Abilities, Weirdness & Mutations

Your serpentine skin is tough. (AC +0)
You have supernaturally acute eyesight. (SInv)
Armour fits poorly on your strangely shaped body.
Your system is resistant to poisons. (rPois)
You cover ground very slowly.
You can spit poison.
You have a snake-like lower body.


   Skills:
 - Level 1.5 Dodging
 - Level 3.0 Stealth
 - Level 2.0 Spellcasting
 + Level 4.5 Conjurations


You had 4 spell levels left.
You knew the following spells:

 Your Spells              Type           Power      Damage    Failure   Level
a - Magic Dart            Conj           72%        1d6       2%          1

Your spell library contained the following spells:

 Spells                   Type           Power      Damage    Failure   Level
 Searing Ray              Conj           36%        2d5       4%          2
 Dazzling Flash           Conj/Hex       18%        N/A       22%         3
 Portal Projectile        Hex/Tloc       2%         N/A       47%         3
 Fulminant Prism          Conj/Hex       4%         3d6       56%         4
 Iskenderun's Mystic Bla  Conj/Tloc      9%         2d4       56%         4
 Blade Hands              Tmut           0%         N/A       99%         5
 Excruciating Wounds      Necr           0%         N/A       99%         5

Inventory:

Hand Weapons
 f - a +0 dagger (weapon) {short}
   (You found it on level 1 of the Dungeon)
 i - a +0 dagger {short}
   (You found it on level 1 of the Dungeon)
 j - a +0 whip {mace}
   (You found it on level 1 of the Dungeon)
Missiles
 c - 23 stones {throwing}
 g - 8 poisoned darts {throwing}
Armour
 a - a +0 robe (worn)
Scrolls
 d - a scroll of enchant armour {unknown}
 e - 3 scrolls of blinking {unknown}
 h - a scroll of identify {unknown}

Dungeon Overview and Level Annotations

Branches:
Dungeon (1/15)

Altars:

## .. #h #h #h #.
#.#.#####+##
#.......#..#
#.........#@.######.#
..
...........h†........>
...
#..#########..........
....#. #.##.#.....
....# #.##.#.#### ....
#.##.#.# ... #.##.#.#
....#.# #######.##†#.#
# ..#.# .............#
###


You could see a jackal.


Message History

Press: ? - help, Shift-Dir - straight line, f - jackal
Aim: a jackal (50% to hit)
You fail to use your ability.
The jackal barely misses you. The jackal closely misses you.
Aiming: Spit Poison (2% risk of failure)
Press: ? - help, Shift-Dir - straight line, f/p - jackal
Aim: a jackal (50% to hit)
The splash of poison hits the jackal.
The jackal barely misses you. The jackal bites you.
The jackal barely misses you. 😕 HP[-2]
You take 2 damage, and now have 20/22 hp.
The jackal attacks as you move away! The jackal bites you. 😕 HP[-2] MP[+1]
You take 2 damage, and now have 18/22 hp.
You are too injured to fight recklessly!
Casting: Magic Dart (safe; 3% risk of failure)
Confirm with . or Enter, or press ? or * to list all spells.
Aiming: Magic Dart (safe; 3% risk of failure)
Press: ? - help, Shift-Dir - straight line, f - jackal
Aim: a jackal (100% to hit)
The magic dart hits the jackal.
The jackal closely misses you. 😕 MP[-1]
You lost 1 mp, and now have 0/5 mp.
Really attack while wielding nothing? [Y]es or [N]o only, please.
Really attack while wielding nothing? [Y]es or [N]o only, please.
Really attack while wielding nothing?
You closely miss the jackal.
You have got your breath back.
The jackal bites you. 😮 HP[-2]
You take 2 damage, and now have 16/22 hp.
f - a +0 dagger (weapon)
{short}
Aiming: Spit Poison (2% risk of failure)
Press: ? - help, Shift-Dir - straight line, f/p - jackal
Aim: a jackal (severely wounded, 50% to hit)
The splash of poison misses the jackal.
The jackal bites you. x2 😮 HP[-3]
You take 3 damage, and now have 13/22 hp.
You hit the jackal but do no damage. The jackal bites you. x2
* * * LOW HITPOINT WARNING * * *
The jackal closely misses you. 😨 HP[-2]
You take 2 damage, and now have 11/22 hp.
Unknown command.
You hit the jackal. The jackal bites you.
* * * LOW HITPOINT WARNING * * *
The jackal barely misses you. The jackal closely misses you. 😨 HP[-2]
You take 2 damage, and now have 9/22 hp.
Unknown command.
Unknown command.
You hit the jackal.
You kill the jackal!
You have got your breath back.
Casting: Magic Dart (safe; 3% risk of failure)
Confirm with . or Enter, or press ? or * to list all spells.
You don't have enough magic to cast this spell.
You don't have enough magic to cast this spell.
Aiming: Spit Poison (2% risk of failure)
Press: ? - help, Shift-Dir - straight line, f - jackal
Aim: a jackal (severely wounded, 50% to hit)
The splash of poison hits the jackal but does no damage.
The jackal is poisoned.
The jackal bites you but does no damage.
The jackal barely misses you.
You hit the jackal but do no damage.
You kill the jackal!
The jackal bites you.
* * * LOW HITPOINT WARNING * * *
The jackal bites you.
* * * LOW HITPOINT WARNING * * *
😱 HP[-4]
You take 4 damage, and now have 5/22 hp.
Unknown command.
Magic courses through your body. The jackal bites you.
* * * LOW HITPOINT WARNING * * *
😱 HP[-1] MP[+5]
You take 1 damage, and now have 4/22 hp.
Your mp is fully restored (5).
Casting: Magic Dart (safe; 2% risk of failure)
Confirm with . or Enter, or press ? or * to list all spells.
Aiming: Magic Dart (safe; 2% risk of failure)
Press: ? - help, Shift-Dir - straight line, f - jackal
Aim: a jackal (100% to hit)
The magic dart hits the jackal.
The jackal barely misses you. 😱 MP[-1]
You lost 1 mp, and now have 4/5 mp.
Casting: Magic Dart (safe; 2% risk of failure)
Confirm with . or Enter, or press ? or * to list all spells.
Aiming: Magic Dart (safe; 2% risk of failure)
Press: ? - help, Shift-Dir - straight line, f/p - jackal
Aim: a jackal (almost dead, 100% to hit)
The magic dart hits the jackal but does no damage.
You have got your breath back.
The jackal bites you.
* * * LOW HITPOINT WARNING * * *
The jackal bites you.
You die...

Action                   || total
-------------------------++-------
Melee: Dagger            ||     4
       Unarmed           ||     1
 Cast: Magic Dart        ||    14
 Abil: Spit Poison       ||     3
  Use: Potion            ||     1
Armor: Robe              ||     1
Dodge: Dodged            ||    15

Levels and vault maps discovered:
D:1:      minmay_arrival_four_circles, layout_basic, serial_shops,
          nicolae_shop_trees, shapermc_ecumenical_altar_notcrosses,
          minmay_pentomino_w4

Notes
Turn   | Place    | Note
-------+----------+-------------------------------------------
     0 | D:1      | spaghetti the Naga Conjurer began the quest for the Orb.
     0 | D:1      | Reached XP level 1. HP: 15/15 MP: 3/3
     0 | D:1      | magus.rc [v1.9.6]
   112 | D:1      | You pick up a book of Weapons and begin reading...
   112 | D:1      | You add the spells Portal Projectile, Excruciating Wounds
                  | and Blade Hands to your library.
   410 | D:1      | Reached XP level 2. HP: 22/22 MP: 0/5
   425 | D:1      | HP: 5/22 [jackal (3)]
   428 | D:1      | HP: 2/22 [jackal (2)]
   428 | D:1      | Slain by a jackal

Vanquished Creatures
  A ball python (D:1)
  An endoplasm (D:1)
  2 hobgoblins (D:1)
  2 jackals (D:1)
  2 frilled lizards (D:1)
8 creatures vanquished.

Table legend:
 A = Non-vault XP
 B = Vault XP
 C = Vault XP percentage of total XP
 D = Non-vault monster count
 E = Vault monster count
 F = Vault count percentage of total count
                 A         B        C        D         E       F
            +---------+---------+-------+---------+---------+-------
      Total |      14 |       0 |   0.0 |       8 |       0 |   0.0
            +---------+---------+-------+---------+---------+-------
        D:1 |      14 |       0 |   0.0 |       8 |       0 |   0.0
            +---------+---------+-------+---------+---------+-------

Illustrated notes

Table legend:
 A = Kills in this place as a percentage of kills in entire the game.
 B = Kills by you in this place as a percentage of kills by you in the entire game.
 C = Kills by friends in this place as a percentage of kills by friends in the entire game.
 D = Other kills in this place as a percentage of other kills in the entire game.
 E = Experience gained in this place as a percentage of experience gained in the entire game.
 F = Experience gained in this place divided by the number of levels of this place that you have seen.
                   A       B       C       D       E      F
               +-------+-------+-------+-------+-------+----------------------
         Total | 100.0 | 100.0 |   N/A |   N/A | 100.0 |  14.0
       Dungeon | 100.0 | 100.0 |   N/A |   N/A | 100.0 |  14.0
               +-------+-------+-------+-------+-------+----------------------

Table legend: (Time is in decaauts)
 A = Elapsed time spent in this place.
 B = Non-inter-level travel time spent in this place.
 C = Inter-level travel time spent in this place.
 D = Time resting spent in this place.
 E = Time spent auto-exploring this place.
 F = Levels seen in this place.
 G = Mean time per level.
                   A        B        C        D        E       F      G
               +--------+--------+--------+--------+--------+-----+--------+
         Total |    506 |    506 |      0 |     23 |    430 |   1 |  506.0 |
       Dungeon |    506 |    506 |      0 |     23 |    430 |   1 |  506.0 |
               +--------+--------+--------+--------+--------+-----+--------+

Top non-repeatable levels by time:
     D:1: 506 daAuts
